 Dungeon Crawl Stone Soup version 0.23-a0-299-g9a66eeb (webtiles) character file.

165 tsouns the Sneak (level 5, -9/52 HPs)
             Began as an Octopode Artificer on Oct 6, 2018.
             Mangled by Pikel
             ... wielding a +2 whip of electrocution
              (20 damage)
             ... on level 4 of the Dungeon.
             The game lasted 00:09:33 (3249 turns).

tsouns the Sneak (Octopode Artificer)               Turns: 3249, Time: 00:09:34

Health: -9/52      AC: 22    Str: 12    XL:     5   Next: 46%
Magic:  16/16      EV:  2    Int: 14    God:
Gold:   159        SH:  0    Dex: 12    Spells: 4/4 levels left

rFire    . . .     SeeInvis .   m - +0 rapier
rCold    . . .     Gourm    .   (no shield)
rNeg     + + +     Faith    .   (helmet currently unavailable)
rPois    +         Spirit   .   (no amulet)
rElec    .         Reflect  .   o - ring of magical power
rCorr    .         Harm     .   (no ring)
MR       .....     NoTele   +   (no ring)
Stlth    ++........             (no ring)
HPRegen  0.17/turn              (no ring)
MPRegen  0.15/turn              (no ring)
                                (no ring)
                                (no ring)

@: tree-form
A: almost no armour, stealthy swim, (amphibious), 8 rings, (constrict 8)
a: no special abilities


You were on level 4 of the Dungeon.
You were not hungry.
You were a tree.
You visited 1 branch of the dungeon, and saw 4 of its levels.

You collected 159 gold pieces.

Inventory:

Hand Weapons
 a - a +1 short sword
 m - a +0 rapier (weapon)
 p - a +0 blowgun
Missiles
 e - 108 stones (quivered)
 g - 16 bolts
 q - 11 poisoned needles
Jewellery
 o - a ring of magical power (left branch)
 t - an uncursed ring of ice
Wands
 b - a wand of flame (8)
 d - a wand of random effects (3)
Scrolls
 j - 2 scrolls of remove curse
 k - 2 scrolls of identify
Potions
 h - a potion of lignification
 n - a potion of brilliance
 s - a potion of might
Comestibles
 f - 4 rations


   Skills:
 + Level 2.6 Fighting
 + Level 2.5 Short Blades
 + Level 3.1 Dodging
 + Level 3.8 Stealth
 - Level 3.2 Evocations


You had 4 spell levels left.
You didn't know any spells.
Your spell library was empty.

Dungeon Overview and Level Annotations

Branches:
Dungeon (4/15)
 Temple: D:4-7

Altars:
Kikubaaqudgha
Makhleb
Okawaru
Qazlal
Wu Jian
Zin

Annotations:
D:4 Pikel


Innate Abilities, Weirdness & Mutations

You cannot wear most types of armour.
You are very stealthy in the water. (Stealth+)
((You are amphibious.))
You can wear up to eight rings at the same time.
((You can use your tentacles to constrict eight enemies at once.))
((Your skin changes colour to match your surroundings (Stealth+).))
((Your rubbery body absorbs attacks. (AC +1, EV +1)))


Message History

Something hits you but does no damage.
Your worker ant bites Pikel.
Pikel hits you but does no damage. Something hits you but does no damage.
You hit Pikel.
Pikel is moderately wounded.
Your worker ant bites Pikel but does no damage.
Pikel hits your worker ant with a whip of electrocution!
Something hits you but does no damage.
You barely miss Pikel.
Pikel is moderately wounded.
Your worker ant barely misses Pikel.
Pikel hits you but does no damage.
You are electrocuted!
* * * LOW HITPOINT WARNING * * *
Something hits you but does no damage.
Your worker ant closely misses Pikel.
Unknown command.
You feel better. Pikel hits you but does no damage.
You are electrocuted!
* * * LOW HITPOINT WARNING * * *
Something hits you but does no damage.
Your worker ant misses Pikel.
You feel better.
Your worker ant bites Pikel.
Pikel hits you but does no damage.
You are electrocuted!
You die...

#............
##............
#............#
#............#
#...........##
#...........#
#..........##
#.........##
#....♣...## #
#...aK{.## #..
####.[####....
#..#.......
#......#
#.....##
......###
#........
#........)#


You could see Pikel and a friendly worker ant.

Vanquished Creatures
  Terence (D:3)
  2 gnolls (D:2)
  2 adders (D:2)
  An ooze (D:2)
  2 worms (D:2)
  2 dart slugs
  2 leopard geckos
  8 bats
  4 giant cockroaches
  5 goblins
  8 hobgoblins
  11 jackals
  4 quokkas
  A ball python (D:1)
  3 frilled lizards
  6 kobolds
  9 rats
71 creatures vanquished.

Vanquished Creatures (collateral kills)
  A hound (D:4)
  2 orcs (D:4)
3 creatures vanquished.

Vanquished Creatures (others)
  4 slaves (D:4)
  An orc priest (D:4)
  A gnoll (D:2)
6 creatures vanquished.

Grand Total: 80 creatures vanquished

Notes
Turn   | Place    | Note
-------+----------+-------------------------------------------
     0 | D:1      | tsouns the Octopode Artificer began the quest for the Orb.
     0 | D:1      | Reached XP level 1. HP: 13/13 MP: 3/3
   112 | D:1      | Reached XP level 2. HP: 17/18 MP: 4/4
   407 | D:1      | Reached XP level 3. HP: 21/23 MP: 5/5
   985 | D:2      | Found an iron altar of Okawaru.
   987 | D:2      | Found an ornate altar of the Wu Jian Council.
  1257 | D:2      | Found a burning altar of Makhleb.
  1262 | D:2      | Found a glowing silver altar of Zin.
  1262 | D:2      | Noticed an angel
  1263 | D:2      | Noticed a balrug
  1288 | D:2      | Reached XP level 4. HP: 27/29 MP: 6/6
  1439 | D:2      | Found an ancient bone altar of Kikubaaqudgha.
  2218 | D:3      | Reached XP level 5. HP: 16/35 MP: 7/7
  2515 | D:3      | Found a stormy altar of Qazlal.
  2553 | D:3      | Noticed Terence
  2560 | D:3      | Killed Terence
  2904 | D:4      | Noticed Pikel
  2904 | D:4      | Noticed a slave
  2904 | D:4      | Noticed a slave
  2905 | D:4      | Noticed a slave
  2942 | D:4      | Noticed a slave
  3249 | D:4      | Mangled by Pikel

Vault maps used:
D:1:      lightli_arrival_isolated_outpost
D:2:      grunt_temple_overflow_order_and_chaos_2,
          nicolae_overflow_hidden_temple, grunt_ministairs_1
D:3:      lemuel_doored_altar, uniq_terence
D:4:      uniq_pikel, uniq_blork_the_orc

Skill      XL: |  1  2  3  4  5 |
---------------+----------------+-----
Stealth        | 2 3 |  3.8
Fighting       | 2 |  2.6
Short Blades   | 2 |  2.5
Dodging        | 3 |  3.1
Evocations     | |  3.2

Action                   |  1- 3 |  4- 6 || total
-------------------------+-------+-------++-------
Melee: Short sword       |    65 |    71 ||   136
       Constrict         |    16 |    15 ||    31
       Tentacles         |     8 |    16 ||    24
       Rapier            |       |    18 ||    18
Throw: Stone             |       |     3 ||     3
Evoke: Wand              |     6 |    28 ||    34
  Use: Scroll            |       |    11 ||    11
       Potion            |       |     6 ||     6
 Stab: Sleeping          |     6 |    11 ||    17
  Eat: Chunk             |     1 |     5 ||     6
       Ration            |       |     1 ||     1
Armor: Skin              |     5 |    16 ||    21
Dodge: Dodged            |    34 |    59 ||    93

Table legend:
 A = Non-vault XP
 B = Vault XP
 C = Vault XP percentage of total XP
 D = Non-vault monster count
 E = Vault monster count
 F = Vault count percentage of total count
                 A         B        C        D         E       F
            +---------+---------+-------+---------+---------+-------
      Total |     198 |      38 |  16.1 |      71 |       3 |   4.1
            +---------+---------+-------+---------+---------+-------
        D:1 |      42 |       0 |   0.0 |      27 |       0 |   0.0
        D:2 |      96 |       6 |   5.9 |      23 |       2 |   8.0
        D:3 |      33 |      32 |  49.2 |      17 |       1 |   5.6
        D:4 |      27 |       0 |   0.0 |       4 |       0 |   0.0
            +---------+---------+-------+---------+---------+-------
